 Dungeon Crawl Stone Soup version 0.30-a0-879-ga8ba668304 (webtiles) character file.

Game seed: 7119556385134687150

109 Iich the Trooper (level 4, -4/37 HPs)
             Began as a Demonspawn Fighter on Mar 12, 2023.
             Blown up by Ijyb (16 damage)
             ... with a mindburst bolt
             ... on level 3 of the Dungeon.
             The game lasted 00:03:47 (1628 turns).

Iich the Trooper (Demonspawn Fighter)               Turns: 1628, Time: 00:03:48

Health: -4/37      AC:  6    Str: 16    XL:     4   Next: 59%
Magic:  4/4        EV:  8    Int:  9    God:
Gold:   126        SH:  5    Dex: 17    Spells: 3/3 levels left

rFire   + . .      SeeInvis .    a - +0 war axe
rCold   + . .      Faith    .    c - +0 buckler
rNeg    . . .      Spirit   .    b - +0 scale mail
rPois   .          Reflect  .    (no helmet)
rElec   .          Rampage  .    s - scarf {rC+ rF+}
rCorr   .                        (no gloves)
Will    .....                    (no boots)
Stlth   +                        (no amulet)
HPRegen 0.26/turn                (no ring)
MPRegen 0.09/turn                (no ring)

@: no status effects
A: thin skeletal structure 1, foul stench 1
a: no special abilities


You were on level 3 of the Dungeon.
You visited 1 branch of the dungeon, and saw 3 of its levels.

You collected 166 gold pieces.
You spent 40 gold pieces at shops.

Inventory:

Hand Weapons
 a - a +0 war axe (weapon)
 i - a +0 dire flail
Armour
 b - a +0 scale mail (worn)
 c - a +0 buckler (worn)
 l - a +0 tower shield
 s - a scarf of resistance (worn)
Scrolls
 e - a scroll of identify {unknown}
 f - a scroll of poison {unknown}
 g - a scroll of blinking {unknown}
 m - a scroll of teleportation
 n - a scroll of fog {unknown}
 o - a scroll of noise {unknown}
 q - a scroll of fear {unknown}
 r - a scroll of immolation {unknown}
Potions
 d - a potion of might
 h - a potion of heal wounds {unknown}
 j - a potion of haste {unknown}
 p - a potion of mutation {unknown}


   Skills:
 + Level 3.7 Fighting
 * Level 3.4(3.6) Axes
 + Level 1.5(2.7) Maces & Flails
 - Level 2.6 Armour
 - Level 2.6 Shields


You had 3 spell levels left.
You didn't know any spells.
Your spell library was empty.

Dungeon Overview and Level Annotations

Branches:
Dungeon (3/15)

Altars:

Shops:
D:1 =(?[   D:3 !

Annotations:
D:3 Ijyb


Innate Abilities, Weirdness & Mutations

You have a somewhat thin skeletal structure. (Dex +2, Stealth+)
You may rarely emit foul miasma when damaged in melee.


Message History

You hit Ijyb but do no damage.
Ijyb is moderately wounded.
Ijyb hits you but does no damage.
You completely miss Ijyb.
Ijyb is moderately wounded.
Ijyb hits you with a +0 dagger. Ijyb barely misses you.
You barely miss Ijyb.
Ijyb is moderately wounded.
Ijyb barely misses you.
You closely miss Ijyb.
Ijyb is moderately wounded.
Ijyb hits you but does no damage.
You barely miss Ijyb.
Ijyb is moderately wounded.
Ijyb zaps a wand.
Your mind is blasted!
You block Ijyb's attack.
You hit Ijyb.
Ijyb is moderately wounded.
Ijyb hits you but does no damage.
You slash Ijyb!
Ijyb is almost dead.
Ijyb drinks a potion.
Ijyb is healed!
Ijyb zaps a wand.
Your mind is blasted!
* * * LOW HITPOINT WARNING * * *
You closely miss Ijyb.
Ijyb is heavily wounded.
Ijyb hits you but does no damage.
You barely miss Ijyb.
Ijyb is heavily wounded.
Ijyb hits you with a +0 dagger.
* * * LOW HITPOINT WARNING * * *
You feel better. You block Ijyb's attack.
You hit Ijyb.
Ijyb is heavily wounded.
Ijyb hits you with a +0 dagger.
* * * LOW HITPOINT WARNING * * *
Ijyb hits you with a +0 dagger.
* * * LOW HITPOINT WARNING * * *
You hit Ijyb.
Ijyb is severely wounded.
Ijyb zaps a wand.
Your mind is blasted!
You die...

#.#.....#
#..#.....#
... #.....#
# #.....#
###.###
#####
#.#####...#
#.........#
#######...#
#@..# #g..#
#...# #...#
#...# #####


You could see Ijyb.

Vanquished Creatures
  Jessica (D:3)
  Terence (D:3)
  An adder (D:2)
  A dart slug (D:1)
  A ball python (D:1)
  4 endoplasms
  3 goblins
  7 hobgoblins
  4 jackals (D:1)
  5 quokkas
  4 bats
  3 frilled lizards
  2 kobolds (D:2)
  6 rats
43 creatures vanquished.

Notes
Turn   | Place    | Note
-------+----------+-------------------------------------------
     0 | D:1      | Iich the Demonspawn Fighter began the quest for the Orb.
     0 | D:1      | Reached XP level 1. HP: 18/18 MP: 1/1
   310 | D:1      | Found Foumitao's Weapon Shoppe.
   317 | D:1      | Bought a +0 dire flail for 40 gold pieces
   340 | D:1      | Gained mutation: You may rarely emit foul miasma when
                  | damaged in melee. [demonic ancestry]
   340 | D:1      | Reached XP level 2. HP: 24/24 MP: 2/2
   404 | D:1      | Found Efeetz's Magic Scroll Boutique.
   408 | D:1      | Found Zina's Jewellery Shop.
   780 | D:1      | Found Wisaxog's Antique Armour Emporium.
   918 | D:2      | Reached XP level 3. HP: 29/29 MP: 3/3
  1209 | D:2      | Reached skill level 1 in Maces & Flails
  1487 | D:2      | Found a faded altar of an unknown god.
  1549 | D:3      | Found Jeps's Distillery.
  1558 | D:3      | Noticed Jessica
  1564 | D:3      | Killed Jessica
  1565 | D:3      | Gained mutation: You have a somewhat thin skeletal
                  | structure. (Dex +2, Stealth+) [demonic ancestry]
  1565 | D:3      | Reached XP level 4. HP: 36/36 MP: 4/4
  1567 | D:3      | Noticed Terence
  1573 | D:3      | Killed Terence
  1603 | D:3      | Noticed Ijyb
  1628 | D:3      | Blown up by Ijyb

Illustrated notes

Levels and vault maps discovered:
D:1:      minmay_arrival_stone_box, layout_loops_ring, serial_shops, shop, shop,
          nicolae_shop_crystal, nicolae_shop_statue_plus, minmay_tromino_i2
D:2:      layout_rooms, dreamdust_ecumenical_altar_angels_and_demons,
          wander_ebering_terrifying_dragon_lair
D:3:      layout_rooms, okawaru_ov_weapons_minmay,
          mainiacjoe_overflow_surrounded_room, serial_shops, nicolae_shop_trees,
          uniq_jessica, uniq_robin, uniq_ijyb, uniq_terence

Skill      XL: |  1  2  3 |
---------------+----------+-----
Axes           | 2 3 |  3.4
Maces & Flails | 1 |  1.5
Fighting       | |  3.7
Armour         | |  2.6
Shields        | |  2.6

Action                     |  1- 3 |  4- 6 || total
---------------------------+-------+-------++-------
  Melee: War axe           |   132 |    29 ||   161
    Use: Scroll            |     1 |       ||     1
         Potion            |       |     1 ||     1
 Armour: Scale mail        |    69 |     9 ||    78
  Dodge: Dodged            |    60 |    10 ||    70
  Block: Buckler           |    26 |     3 ||    29

Table legend: (Time is in decaauts)
 A = Elapsed time spent in this place.
 B = Non-inter-level travel time spent in this place.
 C = Inter-level travel time spent in this place.
 D = Time resting spent in this place.
 E = Time spent auto-exploring this place.
 F = Levels seen in this place.
 G = Mean time per level.
                   A        B        C        D        E       F      G
               +--------+--------+--------+--------+--------+-----+--------+
         Total |   1692 |   1574 |    118 |      0 |   1192 |   3 |  564.0 |
       Dungeon |   1692 |   1574 |    118 |      0 |   1192 |   3 |  564.0 |
               +--------+--------+--------+--------+--------+-----+--------+

Top non-repeatable levels by time:
     D:1: 944 daAuts
     D:2: 646 daAuts
     D:3: 101 daAuts
